MAA
VIRGINIA BEACH DEUCES @ ST. ALBERT PRODIGY
08/02/2018
 
TOP OF THE 1ST
Virginia Beach Deuces batting - Pitching for St. Albert Prodigy : RHP Woody Carlson
Pitching: RHP Woody Carlson
Batting: RHB Álex Escobar 0-0: Called Strike
0-1: Ball
1-1: Swinging Strike
1-2: Foul Ball, location: 2F
1-2: Ball
2-2: Ball
3-2: Foul Ball, location: 2F
3-2: Base on Balls
Batting: RHB Roosevelt Gibson 0-0: Grounds into double play, U6-3 (Groundball, 6M)
Batting: SHB Daryl Lloyd 0-0: Called Strike
0-1: Ball
1-1: Ball
2-1: Foul Ball, location: 2F
2-2: SINGLE (Groundball, 6MD)
Batting: LHB Álex Burgos 0-0: Ball
1-0: SINGLE (Line Drive, 6MD)
Daryl Lloyd to second
Batting: RHB Travis Brumback 0-0: Fly out, F7 (Flyball, 7D)
Top of the 1st over - 0 run(s), 2 hit(s), 0 error(s), 2 left on base; Virginia Beach 0 - St. Albert 0
BOTTOM OF THE 1ST
St. Albert Prodigy batting - Pitching for Virginia Beach Deuces : RHP Hubert Dunham
Pitching: RHP Hubert Dunham
Batting: RHB Anthony Trujillo 0-0: Ball
1-0: SINGLE (Line Drive, 56D)
Batting: RHB Jim Unknown 0-0: Ball
1-0: Ball
2-0: Called Strike
2-1: Called Strike
2-2: Foul Ball, location: 2F
2-2: Grounds into double play, 6-4-3 (Groundball, 6M)
Batting: RHB Bruce Reiser 0-0: Ground out U3 (Groundball, 3L)
Bottom of the 1st over - 0 run(s), 1 hit(s), 0 error(s), 0 left on base; Virginia Beach 0 - St. Albert 0
TOP OF THE 2ND
Virginia Beach Deuces batting - Pitching for St. Albert Prodigy : RHP Woody Carlson
Batting: LHB Enrique González 0-0: Ball
1-0: Ball
2-0: Ball
3-0: Base on Balls
Batting: RHB Maurice Evans 0-0: Called Strike
0-1: Ball
1-1: Foul Ball, location: 2F
1-2: Ground out 5-3 (Groundball, 56S)
Enrique González to second
Batting: RHB Orlando Sánchez 0-0: Ball
1-0: Swinging Strike
1-1: Foul Ball, location: 2F
1-2: Ball
2-2: SINGLE (Groundball, 5)
Enrique González to third
Runner from 3rd tries for Home, SAFE, no throw or cutoff
Batting: RHB Carl Carlson 0-0: Called Strike
0-1: Ball
1-1: Called Strike
1-2: Strikes out swinging
Batting: RHB Álex Escobar 0-0: Ball
1-0: SINGLE (Groundball, 6MD)
Orlando Sánchez to second
Runner from 2nd tries for 3rd, OUT!
Top of the 2nd over - 1 run(s), 2 hit(s), 0 error(s), 1 left on base; Virginia Beach 1 - St. Albert 0
BOTTOM OF THE 2ND
St. Albert Prodigy batting - Pitching for Virginia Beach Deuces : RHP Hubert Dunham
Batting: RHB Carlos Mercado 0-0: Called Strike
0-1: Ball
1-1: Ball
2-1: SINGLE (Line Drive, 89M)
Batting: RHB Bernardo Burgos 0-0: SINGLE (Groundball, 6MD)
Carlos Mercado to second
Batting: SHB Monte Adams 0-0: Ball
1-0: Swinging Strike
1-1: Fielders Choice at 2nd, 4-6 (Groundball, 4)
Carlos Mercado to third
Batting: RHB Larry Mason 0-0: Fly out, F9 (Flyball, 9M)
Runner from 3rd tags up, SCORES, throw made
Batting: LHB Abel Kelly 0-0: Fly out, F7 (Flyball, 78D)
Bottom of the 2nd over - 1 run(s), 2 hit(s), 0 error(s), 1 left on base; Virginia Beach 1 - St. Albert 1
TOP OF THE 3RD
Virginia Beach Deuces batting - Pitching for St. Albert Prodigy : RHP Woody Carlson
Batting: RHB Roosevelt Gibson 0-0: Called Strike
0-1: Ball
1-1: Ball
2-1: Foul Ball, location: 2F
2-2: Foul Ball, location: 2F
2-2: Ground out 6-3 (Groundball, 6M)
Batting: SHB Daryl Lloyd 0-0: Foul Ball, location: 2F
0-1: Foul Ball, location: 2F
0-2: Strikes out swinging
Batting: LHB Álex Burgos 0-0: Called Strike
0-1: Ball
1-1: Ball
2-1: Foul Ball, location: 2F
2-2: SINGLE (Line Drive, 6MD)
Batting: RHB Travis Brumback 0-0: Ball
1-0: SINGLE (Line Drive, 6M)
Álex Burgos to second
Runner from 2nd tries for 3rd, SAFE, throw made to third
Batting: LHB Enrique González 0-0: Ball
1-0: Ball
2-0: Ball
3-0: Base on Balls
Travis Brumback to second
Batting: RHB Maurice Evans 0-0: Foul Ball, location: 2F
0-1: Swinging Strike
0-2: Foul Ball, location: 2F
0-2: Ball
1-2: Ball
2-2: Ball
Wild Pitch!
Álex Burgos scores
Travis Brumback to third
Enrique González to second
3-2: Fly out, F9 (Flyball, 9M)
Top of the 3rd over - 1 run(s), 2 hit(s), 0 error(s), 2 left on base; Virginia Beach 2 - St. Albert 1
BOTTOM OF THE 3RD
St. Albert Prodigy batting - Pitching for Virginia Beach Deuces : RHP Hubert Dunham
Batting: RHB Harrison Blackford 0-0: Swinging Strike
0-1: Ball
1-1: Ball
2-1: Ball
3-1: Ground out 6-3 (Groundball, 6M)
Batting: RHB Anthony Trujillo 0-0: Called Strike
0-1: Swinging Strike
0-2: Foul Ball, location: 2F
0-2: Fly out, F6 (Line Drive, 6)
Batting: RHB Jim Unknown 0-0: Called Strike
0-1: Ball
1-1: Ball
2-1: SINGLE (Line Drive, 78S)
Batting: RHB Bruce Reiser 0-0: Ball
1-0: SINGLE (Line Drive, 34D)
Jim Unknown to second
Batting: RHB Carlos Mercado 0-0: Ball
1-0: Foul Ball, location: 2F
1-1: Called Strike
1-2: Ball
2-2: Foul Ball, location: 2F
2-2: TRIPLE (Line Drive, 8RD)
Jim Unknown scores
Bruce Reiser scores
Batting: RHB Bernardo Burgos 0-0: Ball
1-0: Fly out, F8 (Flyball, 8LD)
Bottom of the 3rd over - 2 run(s), 3 hit(s), 0 error(s), 1 left on base; Virginia Beach 2 - St. Albert 3
TOP OF THE 4TH
Virginia Beach Deuces batting - Pitching for St. Albert Prodigy : RHP Woody Carlson
Batting: RHB Orlando Sánchez 0-0: Swinging Strike
0-1: Foul Ball, location: 2F
0-2: Ball
1-2: Foul Ball, location: 2F
1-2: Foul Ball, location: 2F
1-2: Ball
2-2: Ball
3-2: Foul Ball, location: 2F
3-2: Fly out, F5 (Popup, 56S)
Batting: RHB Carl Carlson 0-0: Called Strike
0-1: Foul Ball, location: 2F
0-2: Ball
1-2: Ground out 4-3 (Groundball, 4M)
Batting: RHB Álex Escobar 0-0: Called Strike
0-1: SINGLE (Line Drive, 56D)
Batting: RHB Roosevelt Gibson 0-0: Ball
1-0: Ball
2-0: Ball
3-0: Called Strike
3-1: SINGLE (Line Drive, 8LS)
Álex Escobar to second
Pitching: RHP Joaquín Costello
Batting: SHB Daryl Lloyd 0-0: TRIPLE (Flyball, 7LS)
Álex Escobar scores
Roosevelt Gibson scores
Batting: LHB Álex Burgos 0-0: SINGLE (Popup, 56D)
Daryl Lloyd scores
Batting: RHB Travis Brumback 0-0: Called Strike
Álex Burgos steals 2nd base
0-1: SINGLE (Groundball, 56D)
Álex Burgos to third
Runner from 3rd tries for Home, SAFE, no throw or cutoff
Batting: LHB Enrique González 0-0: Ball
Travis Brumback is caught stealing 2nd base
Top of the 4th over - 4 run(s), 5 hit(s), 0 error(s), 0 left on base; Virginia Beach 6 - St. Albert 3
BOTTOM OF THE 4TH
St. Albert Prodigy batting - Pitching for Virginia Beach Deuces : RHP Hubert Dunham
Batting: SHB Monte Adams 0-0: Foul Ball, location: 2F
0-1: SINGLE (Groundball, 6MD)
Batting: RHB Larry Mason 0-0: Foul Ball, location: 2F
0-1: Ball
1-1: SINGLE (Line Drive, 6M)
Monte Adams to second
Batting: LHB Abel Kelly 0-0: Swinging Strike
0-1: Called Strike
0-2: Ground out 3-1 (Groundball, 34)
Monte Adams to third
Larry Mason to second
Batting: RHB Harrison Blackford 0-0: Ball
1-0: Ground out 5-3 (Groundball, 5L)
Batting: RHB Anthony Trujillo 0-0: Foul Ball, location: 2F
0-1: Ball
1-1: Ball
2-1: Called Strike
2-2: Foul Ball, location: 2F
2-2: Ball
3-2: Foul Ball, location: 2F
3-2: Base on Balls
Batting: RHB Jim Unknown 0-0: Ball
Reached via error on a dropped throw, E3
Monte Adams scores
Larry Mason to third
Anthony Trujillo to second
Batting: RHB Bruce Reiser 0-0: Ball
1-0: Called Strike
1-1: Fly out, F6 (Popup, 6MD)
Bottom of the 4th over - 1 run(s), 2 hit(s), 1 error(s), 3 left on base; Virginia Beach 6 - St. Albert 4
TOP OF THE 5TH
Virginia Beach Deuces batting - Pitching for St. Albert Prodigy : RHP Joaquín Costello
Batting: LHB Enrique González 0-0: Ball
1-0: Ball
2-0: Called Strike
2-1: Ball
3-1: Base on Balls
Batting: RHB Maurice Evans 0-0: Bunt missed!
0-1: Ball
1-1: Bunt missed!
1-2: Strikes out looking
Batting: RHB Orlando Sánchez 0-0: Ball
1-0: Fly out, F8 (Flyball, 8LM)
Batting: RHB Carl Carlson 0-0: Ball
1-0: Ball
2-0: Ball
3-0: Base on Balls
Enrique González to second
Batting: RHB Álex Escobar 0-0: Called Strike
0-1: Ground out 5-3 (Groundball, 56)
Top of the 5th over - 0 run(s), 0 hit(s), 0 error(s), 2 left on base; Virginia Beach 6 - St. Albert 4
BOTTOM OF THE 5TH
St. Albert Prodigy batting - Pitching for Virginia Beach Deuces : RHP Hubert Dunham
Batting: RHB Carlos Mercado 0-0: Called Strike
0-1: Swinging Strike
0-2: Ball
1-2: Ball
2-2: Strikes out looking
Batting: RHB Bernardo Burgos 0-0: Ball
1-0: Called Strike
1-1: Fly out, F4 (Popup, 3D)
Batting: SHB Monte Adams 0-0: Called Strike
0-1: Ball
1-1: Ball
2-1: Ball
3-1: Base on Balls
Batting: RHB Larry Mason 0-0: Ball
1-0: SINGLE (Line Drive, 4D)
Monte Adams to second
Batting: LHB Abel Kelly 0-0: DOUBLE (Line Drive, 5D)
Monte Adams scores
Larry Mason to third
Pitching: LHP José Carrasco
Batting: RHB Harrison Blackford 0-0: Called Strike
0-1: Ball
1-1: Foul Ball, location: 2F
1-2: Ball
Wild Pitch!
Larry Mason scores
Abel Kelly to third
2-2: Ball
3-2: Base on Balls
Batting: RHB Anthony Trujillo 0-0: Fly out, F6 (Popup, 6MS)
Bottom of the 5th over - 2 run(s), 2 hit(s), 0 error(s), 2 left on base; Virginia Beach 6 - St. Albert 6
TOP OF THE 6TH
Virginia Beach Deuces batting - Pitching for St. Albert Prodigy : RHP Joaquín Costello
Batting: RHB Roosevelt Gibson 0-0: Foul Ball, location: 2F
0-1: Fly out, F8 (Flyball, 8LS)
Batting: SHB Daryl Lloyd 0-0: Swinging Strike
0-1: Called Strike
0-2: Strikes out swinging, 2-3 out at first.
Batting: LHB Álex Burgos 0-0: Called Strike
0-1: SINGLE (Groundball, 34D)
Pitching: LHP Manuel Ortíz
Batting: RHB Travis Brumback 0-0: Swinging Strike
0-1: Ball
1-1: Ball
2-1: Called Strike
2-2: Ball
3-2: Foul Ball, location: 2F
3-2: Foul Ball, location: 2F
3-2: Base on Balls
Álex Burgos to second
Batting: LHB Enrique González 0-0: Fielders Choice at 2nd, U6 (Groundball, 6M)
Top of the 6th over - 0 run(s), 1 hit(s), 0 error(s), 2 left on base; Virginia Beach 6 - St. Albert 6
BOTTOM OF THE 6TH
St. Albert Prodigy batting - Pitching for Virginia Beach Deuces : LHP José Carrasco
Batting: RHB Jim Unknown 0-0: Called Strike
0-1: Ball
1-1: Swinging Strike
1-2: Strikes out looking
Batting: RHB Bruce Reiser 0-0: Ball
1-0: Foul Ball, location: 2F
1-1: Called Strike
1-2: Strikes out looking
Batting: RHB Carlos Mercado 0-0: Foul Ball, location: 2F
0-1: Ball
1-1: SINGLE (Groundball, 13) (infield hit)
Batting: RHB Bernardo Burgos 0-0: Called Strike
0-1: Foul Ball, location: 2F
0-2: Ball
1-2: Ball
2-2: Strikes out swinging
Bottom of the 6th over - 0 run(s), 1 hit(s), 0 error(s), 1 left on base; Virginia Beach 6 - St. Albert 6
TOP OF THE 7TH
Virginia Beach Deuces batting - Pitching for St. Albert Prodigy : LHP Manuel Ortíz
Pinch Hitting: RHB Carlos Hernández 0-0: Ball
1-0: Ball
2-0: SINGLE (Groundball, 6MD)
Pinch Hitting: RHB Héctor Camacho 0-0: Ball
1-0: Foul Ball, location: 2F
1-1: Foul Ball, location: 2F
1-2: Strikes out swinging
Batting: RHB Carl Carlson 0-0: Ball
1-0: Called Strike
1-1: Swinging Strike
1-2: Ball
2-2: Foul Ball, location: 2F
2-2: Strikes out swinging
Pinch Hitting: RHB Juan Alvarado 0-0: Ball
1-0: Ground out U3 (Groundball, 3)
Top of the 7th over - 0 run(s), 1 hit(s), 0 error(s), 1 left on base; Virginia Beach 6 - St. Albert 6
BOTTOM OF THE 7TH
St. Albert Prodigy batting - Pitching for Virginia Beach Deuces : LHP José Carrasco
Now at 1B: Juan Alvarado
Now at 3B: Jim Unknown
Now in LF: Héctor Camacho
Batting: SHB Monte Adams 0-0: Ball
1-0: Fly out, F6 (Line Drive, 6)
Batting: RHB Larry Mason 0-0: Foul Ball, location: 2F
0-1: Ball
1-1: Ball
2-1: Foul Ball, location: 2F
2-2: Strikes out swinging
Pinch Hitting: LHB John Rahilly 0-0: Called Strike
0-1: Ball
1-1: Ball
2-1: SINGLE (Groundball, 34D)
Batting: RHB Harrison Blackford 0-0: Called Strike
0-1: Ball
1-1: Ball
2-1: Ball
3-1: Ground out 4-3 (Groundball, 4)
Bottom of the 7th over - 0 run(s), 1 hit(s), 0 error(s), 1 left on base; Virginia Beach 6 - St. Albert 6
TOP OF THE 8TH
Virginia Beach Deuces batting - Pitching for St. Albert Prodigy : LHP Manuel Ortíz
Now in RF: António Pineda
Batting: RHB Roosevelt Gibson 0-0: Ground out 5-3 (Groundball, 5)
Pinch Hitting: RHB Armando Hernández 0-0: Ball
1-0: Called Strike
1-1: Ground out 5-3 (Groundball, 56S)
Pitching: LHP Zach Williams Jr.
Batting: LHB Álex Burgos 0-0: DOUBLE (Line Drive, 9LM)
Batting: RHB Travis Brumback 0-0: Called Strike
0-1: Called Strike
0-2: Strikes out swinging
Top of the 8th over - 0 run(s), 1 hit(s), 0 error(s), 1 left on base; Virginia Beach 6 - St. Albert 6
BOTTOM OF THE 8TH
St. Albert Prodigy batting - Pitching for Virginia Beach Deuces : LHP José Carrasco
Pitching: RHP Robinson Gonzáles
Now in CF: Armando Hernández
Batting: RHB Anthony Trujillo 0-0: Called Strike
0-1: Ball
1-1: Ball
2-1: Foul Ball, location: 2F
2-2: SINGLE (Groundball, 3D) (infield hit)
Pinch Runner at 1st Rich Pugh:
Batting: RHB Jim Unknown 0-0: Called Strike
0-1: Swinging Strike
0-2: Ball
1-2: Ball
Wild Pitch!
Rich Pugh to second
2-2: Foul Ball, location: 2F
2-2: Strikes out looking
Batting: RHB Bruce Reiser 0-0: Ball
1-0: Foul Ball, location: 2F
1-1: Swinging Strike
1-2: Ball
2-2: Strikes out swinging
Batting: RHB Carlos Mercado 0-0: Foul Ball, location: 2F
0-1: Called Strike
0-2: Strikes out swinging
Bottom of the 8th over - 0 run(s), 1 hit(s), 0 error(s), 1 left on base; Virginia Beach 6 - St. Albert 6
TOP OF THE 9TH
Virginia Beach Deuces batting - Pitching for St. Albert Prodigy : LHP Zach Williams Jr.
Now in CF: Rich Pugh
Pinch Hitting: RHB Johnny Hairston 0-0: Ball
1-0: Called Strike
1-1: Ball
2-1: Ball
3-1: Swinging Strike
3-2: Foul Ball, location: 2F
3-2: Base on Balls
Batting: SHB Jim Unknown 0-0: Foul Ball, location: 2F
0-1: Called Strike
0-2: Fly out, F9 (Flyball, 89M)
Batting: RHB Héctor Camacho 0-0: Ball
1-0: Foul Ball, location: 2F
1-1: Ball
2-1: Ball
3-1: Base on Balls
Johnny Hairston to second
Batting: RHB Carl Carlson 0-0: Ball
1-0: Swinging Strike
1-1: Ball
2-1: Called Strike
2-2: SINGLE (Groundball, 56D)
Johnny Hairston to third
Héctor Camacho to second
Batting: RHB Juan Alvarado 0-0: Foul Ball, location: 2F
0-1: Swinging Strike
0-2: Ball
Wild Pitch!
Johnny Hairston scores
Héctor Camacho to third
Carl Carlson to second
1-2: Foul Ball, location: 2F
1-2: Ball
2-2: Ball
3-2: Strikes out swinging
Pitching: RHP Wally Wilkerson
Batting: RHB Roosevelt Gibson 0-0: Ball
1-0: Ball
2-0: SINGLE (Line Drive, 4D)
Héctor Camacho scores
Carl Carlson to third
Runner from 3rd tries for Home, SAFE, no throw or cutoff
Batting: RHB Armando Hernández 0-0: Called Strike
0-1: Fly out, F7 (Line Drive, 7S)
Top of the 9th over - 3 run(s), 2 hit(s), 0 error(s), 1 left on base; Virginia Beach 9 - St. Albert 6
BOTTOM OF THE 9TH
St. Albert Prodigy batting - Pitching for Virginia Beach Deuces : RHP Robinson Gonzáles
Pitching: RHP John Bailey
Now in RF: Johnny Hairston
Batting: RHB Bernardo Burgos 0-0: Ball
1-0: Ball
2-0: Ball
3-0: Called Strike
3-1: Base on Balls
Batting: SHB Monte Adams 0-0: Called Strike
0-1: Foul Ball, location: 2F
0-2: Foul Ball, location: 2F
0-2: Ball
1-2: Foul Ball, location: 2F
1-2: Ball
2-2: Ball
3-2: Strikes out swinging
Batting: RHB Larry Mason 0-0: Called Strike
0-1: Ball
1-1: Ball
2-1: Ball
3-1: Reached on error, E6 (Groundball, 56)
Bernardo Burgos to second
Batting: LHB António Pineda 0-0: Called Strike
0-1: Ball
1-1: Foul Ball, location: 2F
1-2: SINGLE (Line Drive, 6M)
Bernardo Burgos to third
Larry Mason to second
Runner from 3rd tries for Home, SAFE, throw made home
Batting: RHB Harrison Blackford 0-0: Called Strike
0-1: Ball
1-1: Swinging Strike
1-2: Ball
2-2: Foul Ball, location: 2F
2-2: Foul Ball, location: 2F
2-2: Strikes out looking
Batting: SHB Rich Pugh 0-0: Ball
1-0: Ball
Wild Pitch!
Larry Mason to third
António Pineda to second
2-0: Ground out 1-3 (Groundball, 15)
Bottom of the 9th over - 1 run(s), 1 hit(s), 1 error(s), 2 left on base; Virginia Beach 9 - St. Albert 7
This league is powered by Out of the Park Baseball, the baseball management simulation game for PC, Mac and Linux
Monday, May 4th, 2015 - OOTP Baseball 15.6 Build 34